 Dungeon Crawl Stone Soup version 0.29.0-4-gdea44cf6ec (webtiles) character file.

Game seed: 7349727194069682605

65 qw the Chopper (level 4, -2/26 HPs)
             Began as a Tengu Warper on Aug 28, 2022.
             Slain by an orc wizard
             ... wielding a +1 dagger of electrocution
              (8 damage)
             ... on level 3 of the Dungeon.
             The game lasted 00:00:09 (2513 turns).

qw the Chopper (Tengu Warper)                       Turns: 2513, Time: 00:00:10

Health: -2/26      AC: 10    Str: 13    XL:     4   Next: 13%
Magic:  8/8        EV:  7    Int: 14    God:
Gold:   98         SH:  0    Dex: 13    Spells: 7/7 levels left

rFire   . . .      SeeInvis .   Y - +0 hand axe
rCold   . . .      Faith    .   (no shield)
rNeg    . . .      Spirit   .   e - +0 plate armour
rPois   .          Reflect  .   (helmet restricted)
rElec   .          Harm     .   (no cloak)
rCorr   .          Rampage  .   (no gloves)
Will    .....                   (boots unavailable)
Stlth   ..........              (no amulet)
HPRegen 0.08/turn               f - +4 ring of evasion
MPRegen 0.11/turn               (no ring)

@: no status effects
A: beak, talons 3
a: no special abilities


You were on level 3 of the Dungeon.
You visited 1 branch of the dungeon, and saw 3 of its levels.

You collected 98 gold pieces.


Innate Abilities, Weirdness & Mutations

You have a beak for a mouth.
You have claws for feet.


   Skills:
 - Level 2.0 Fighting
 - Level 4.4 Axes
 - Level 1.0 Throwing
 + Level 1.8 Armour
 - Level 2.1 Dodging
 - Level 2.0 Spellcasting
 - Level 2.4 Translocations


You had 7 spell levels left.
You didn't know any spells.
Your spell library contained the following spells:

 Spells                   Type           Power      Damage    Failure   Level
 Blink                    Tloc           16%        N/A       100%        2
 Gell's Gravitas          Tloc           8%         N/A       100%        3
 Lesser Beckoning         Tloc           8%         N/A       100%        3
 Teleport Other           Tloc           8%         N/A       100%        3
 Manifold Assault         Tloc           8%         N/A       100%        5

Inventory:

Hand Weapons
 a - a +0 whip
 Y - a +0 hand axe (weapon)
Armour
 e - a +0 plate armour (worn)
Jewellery
 f - a +4 ring of evasion (left hand)
Potions
 b - a potion of magic {unknown}
 g - a potion of cancellation {unknown}
 h - a potion of degeneration {unknown}
 j - a potion of heal wounds {unknown}

Dungeon Overview and Level Annotations

Branches:
Dungeon (3/15)

Altars:
Dithmenos
Elyvilon

Shops:
D:1 (


Message History

Found a white marble altar of Elyvilon.
You enter the shallow water.
Moving in this stuff is going to be slow.
Found a stone staircase leading down.
Found 6 stones.
There is a stone staircase leading down here.
A rat comes into view.
You hit the rat. You claw the rat, but do no damage. You peck the rat.
You kill the rat!
You see here a rat corpse.
An adder comes into view.
The adder hisses angrily.
The adder barely misses you.
You barely miss the adder. You claw the adder.
The adder is heavily wounded.
The adder bites you but does no damage.
You closely miss the adder. You claw the adder. You peck the adder.
You kill the adder!
You have reached level 4!
You feel clever.
You see here a rat corpse.
An orc wizard comes into view.
It is wielding a +1 dagger of electrocution.
2507 ||| Stepping ~*~*~tactically~*~*~ (stealth).
The orc wizard shouts!
An orc wizard is nearby! 2 orcs come into view.
The orc shouts! x2
The orc moves out of view.
You hit the orc wizard. You claw the orc wizard.
Your peck misses the orc wizard.
The orc wizard is severely wounded.
The orc wizard casts a spell.
The orc wizard flickers and vanishes!
Deactivating autopickup; reactivate with Ctrl-A.
You closely miss something. Your kick misses something.
Your punch misses something. Something hits you but does no damage.
You are electrocuted!!
Ouch! That really hurt!
2513 ||| FLEEEEING.
Something hits you.
You are electrocuted!
You die...

####### ...#.#
#.....### ......
#.###...# ......
#.#####%# ......
#.....#.# #.....
#..##.#.#
...o.o####.....#.#
#{......###.## ..
#.#@##.#####...#
...#.#.#..######.##
...#.#.......##...#
(............###.##
##.....>....##...#
#..........###.##
#..........##...#
#.....########.##
#.....# #.#


You could see an orc.

Vanquished Creatures
  2 adders
  4 dart slugs
  2 endoplasms (D:2)
  5 goblins
  2 hobgoblins (D:2)
  6 jackals (D:1)
  5 kobolds
  5 ball pythons
  3 frilled lizards (D:2)
  3 rats
37 creatures vanquished.

Vanquished Creatures (others)
  10 fungi (D:3)
  2 toadstools (D:3)
12 creatures vanquished.

Grand Total: 49 creatures vanquished

Notes
Turn   | Place    | Note
-------+----------+-------------------------------------------
     0 | D:1      | qw the Tengu Warper began the quest for the Orb.
     0 | D:1      | Reached XP level 1. HP: 12/12 MP: 4/4
     0 | D:1      | 0 ||| qw: Version: 0.1-a-89-g26bdef1
     0 | D:1      | 0 ||| qw: Game counter: 13
     0 | D:1      | 0 ||| qw: Always use a shield: true
     0 | D:1      | 0 ||| qw: God list: Okawaru
     0 | D:1      | 0 ||| qw: Allow faded altars: false
     0 | D:1      | 0 ||| qw: Do Orc after D:15 true
     0 | D:1      | 0 ||| qw: Do second Lair branch before Depths: true
     0 | D:1      | 0 ||| qw: Lair rune preference: random
     0 | D:1      | 0 ||| qw: Plans: Normal
     0 | D:1      | 0 ||| PLANNING D:1-11
    29 | D:1      | Found Uqistamu's Antique Weapon Emporium.
    36 | D:1      | 36 ||| SHOPLISTING club (26 gold, have 0).
    64 | D:1      | 64 ||| Stepping ~*~*~tactically~*~*~ (hiding).
   166 | D:1      | 166 ||| Stepping ~*~*~tactically~*~*~ (hiding).
   294 | D:1      | 294 ||| Stepping ~*~*~tactically~*~*~ (stealth).
   391 | D:1      | Reached XP level 2. HP: 17/17 MP: 6/6
   403 | D:1      | 403 ||| Stepping ~*~*~tactically~*~*~ (hiding).
   410 | D:1      | Found a faded altar of an unknown god.
   414 | D:1      | Reached skill level 3 in Axes
   560 | D:1      | 560 ||| Stepping ~*~*~tactically~*~*~ (stealth).
   775 | D:1      | Reached XP level 3. HP: 21/21 MP: 7/7
  1184 | D:1      | 1184 ||| UPGRADING to +0 scale mail.
  1194 | D:1      | 1194 ||| DROPPING +0 leather armour.
  1195 | D:1      | 1195 ||| UPGRADING to +0 chain mail.
  1205 | D:1      | 1205 ||| DROPPING +0 scale mail.
  1206 | D:1      | 1206 ||| READING scroll labelled SORREU QUSH.
  1207 | D:1      | 1207 ||| READING scroll labelled WEPTA HEROIGON.
  1208 | D:1      | 1208 ||| DRINKING 2 bubbling golden potions.
  1209 | D:1      | 1209 ||| DROPPING scroll of blinking.
  1210 | D:1      | 1210 ||| DROPPING potion of flight.
  1211 | D:1      | 1211 ||| Stepping randomly (stuck).
  1212 | D:1      | 1212 ||| Stepping ~*~*~tactically~*~*~ (cloud).
  1534 | D:2      | 1534 ||| Stepping ~*~*~tactically~*~*~ (hiding).
  1651 | D:2      | Reached skill level 4 in Axes
  1935 | D:2      | 1935 ||| Stepping ~*~*~tactically~*~*~ (stealth).
  2223 | D:2      | Found a shadowy altar of Dithmenos.
  2353 | D:2      | 2353 ||| UPGRADING to +0 plate armour.
  2363 | D:2      | 2363 ||| DROPPING +0 chain mail.
  2364 | D:2      | 2364 ||| UPGRADING to +4 ring of evasion.
  2365 | D:2      | 2365 ||| READING scroll labelled EKKEME TYSHRO.
  2370 | D:2      | 2370 ||| READING scroll labelled ITUYDO DAMOTS.
  2385 | D:3      | 2385 ||| STAIRDANCE
  2427 | D:3      | Found a white marble altar of Elyvilon.
  2477 | D:3      | Reached XP level 4. HP: 26/26 MP: 8/8
  2507 | D:3      | 2507 ||| Stepping ~*~*~tactically~*~*~ (stealth).
  2513 | D:3      | 2513 ||| FLEEEEING.
  2513 | D:3      | HP: 6/26 [something (2)]
  2513 | D:3      | Slain by an orc wizard

Levels and vault maps discovered:
D:1:      matt_arrival_los_fun, layout_rooms, serial_shops, shop,
          basic_ecumenical_altar, lemuel_another_geyser
D:2:      layout_basic, basic_altar, minmay_misc_feat_enclosed, minivault_27,
          kennysheep_generic_room_4
D:3:      layout_basic, elyvilon_altar_4, minmay_misc_feat_hallway,
          grunt_ministairs_8, minmay_gold_behind_fungi, minmay_lizard_king,
          uniq_jessica

Skill      XL: |  1  2  3 |
---------------+----------+-----
Axes           | 3 4 |  4.4
Fighting       | |  2.0
Throwing       | |  1.0
Armour         | |  1.8
Dodging        | |  2.1
Spellcasting   | |  2.0
Translocations | |  2.4

Action                   |  1- 3 |  4- 6 || total
-------------------------+-------+-------++-------
Melee: Hand axe          |    79 |     2 ||    81
       Kick              |    15 |     1 ||    16
       Peck              |    12 |       ||    12
       Punch             |     1 |       ||     1
Throw: Boomerang         |     7 |       ||     7
  Use: Scroll            |     4 |       ||     4
       Potion            |     1 |       ||     1
Armor: Leather armour    |    16 |       ||    16
       Chain mail        |    12 |       ||    12
       Plate armour      |     2 |     1 ||     3
Dodge: Dodged            |    35 |       ||    35

Table legend:
 A = Non-vault XP
 B = Vault XP
 C = Vault XP percentage of total XP
 D = Non-vault monster count
 E = Vault monster count
 F = Vault count percentage of total count
                 A         B        C        D         E       F
            +---------+---------+-------+---------+---------+-------
      Total |      87 |       6 |   6.5 |      33 |       4 |  10.8
            +---------+---------+-------+---------+---------+-------
        D:1 |      36 |       0 |   0.0 |      18 |       0 |   0.0
        D:2 |      36 |       4 |  10.0 |      13 |       3 |  18.8
        D:3 |      15 |       2 |  11.8 |       2 |       1 |  33.3
            +---------+---------+-------+---------+---------+-------
